Cogmind - Beta 13 @@@ ROGUE MODE // 2024.03.10 @ 04:04:11 Player: Geordi Result: Destroyed by G-47 Trooper with Particle Gun Performance ------------- Evolutions (2) 1000 Regions Visited (5) 1000 Robots Destroyed (24) 120 Value Destroyed (951) 951 Prototype IDs (23) 460 Alien Tech Used (0) 0 Bonus (322) 322 TOTAL SCORE: 3853 Bonus ------- High Alert Combat Kills 22 Aligned with FarCom 300 Cogmind --------- Core Integrity 0/550 Matter 275/300 Energy 75/160 System Corruption 0% Temperature Warning (369) Movement Walking (120) Location -8/Materials Parts ------- > --- POWER (1) -------- Light Nuclear Core > --- PROPULSION (4) --- Aluminum Leg Aluminum Leg > --- UTILITY (4) ------ Medium Storage Unit > --- WEAPON (2) ------- Heavy Laser > --- INVENTORY (10) --- Light Deuterium Engine Advanced Targeting Computer Particle Charger Guided Plasma Cannon Peak State ------------ > --- POWER ------------ Light Nuclear Core > --- PROPULSION ------- Aluminum Leg Aluminum Leg Aluminum Leg Aluminum Leg > --- UTILITY ---------- Improved Heat Sink Medium Storage Unit Improved Light Armor Plating Improved Light Armor Plating > --- WEAPON ----------- Heavy Laser Guided Plasma Cannon > --- INVENTORY -------- Light Deuterium Engine Light Deuterium Engine Aluminum Leg Aluminum Leg Aluminum Leg Advanced Targeting Computer Particle Charger Pulse Rifle [Rating: 30] Favorites ----------- Power Light Ion Engine Engine Light Ion Engine Power Core Light Nuclear Core Propulsion Aluminum Leg Leg Aluminum Leg Utility Medium Storage Unit Device Heat Sink Storage Medium Storage Unit Protection Improved Light Armor Plating Weapon Assault Rifle Energy Gun Small Laser Energy Cannon Guided Plasma Cannon Ballistic Gun Assault Rifle Build | -11 -10 -10 -10 -9 -8 ------- Run | Yrd Mat Min Exi Min Mat Slots Evolved 4 | . . . . . 4 Power . | . . . . . . Propulsion 2 | . . . . . 2 Utility 2 | . . . . . 2 Weapon . | . . . . . . Parts Attached 53 | 6 . 4 1 . 42 Power 9 | 1 . 1 . . 7 Engine 5 | 1 . 1 . . 3 Core 4 | . . . . . 4 Reactor . | . . . . . . Propulsion 18 | 2 . 2 . . 14 Treads . | . . . . . . Leg 18 | 2 . 2 . . 14 Wheel . | . . . . . . Hover . | . . . . . . Flight . | . . . . . . Utility 12 | 1 . 1 1 . 9 Device 2 | . . 1 . . 1 Storage 3 | 1 . . 1 . 1 Processor . | . . . . . . Hackware . | . . . . . . Protection 7 | . . . . . 7 Artifact . | . . . . . . Weapon 14 | 2 . . . . 12 Energy Gun 8 | 1 . . . . 7 Energy Cannon 3 | . . . . . 3 Ballistic Gun 3 | 1 . . . . 2 Ballistic Cannon . | . . . . . . Launcher . | . . . . . . Special Weapon . | . . . . . . Impact Weapon . | . . . . . . Slashing Weapon . | . . . . . . Piercing Weapon . | . . . . . . Special Melee Weapon . | . . . . . . Unidentified Prototypes . | . . . . . . Parts Lost 17 | . . 1 . . 16 Power 2 | . . 1 . . 1 Propulsion 8 | . . . . . 8 Utility 6 | . . . . . 6 Weapon 1 | . . . . . 1 Highest Loss Streak 12 | . . 1 . . 12 To Critical Strikes . | . . . . . . Average Slot Usage (%) 97 | . 85 95 100 100 94 Engine 11 | . 14 10 14 14 4 Core 1 | . . . . . 4 Leg 29 | . 28 28 28 28 34 Device 11 | . . 13 14 14 8 Storage 13 | . 14 14 14 14 11 Protection 3 | . . . . . 12 Energy Gun 13 | . 14 14 14 14 13 Ballistic Gun 11 | . 14 14 14 14 3 Naked Turns . | . . . . . . Heaviest Build 32 | 11 11 12 17 17 32 Greatest Support 40 | 20 20 20 20 20 40 Greatest Overweight (x) 1 | . . . . . 1 Average Overweight (x) . | . . . . . . Largest Inventory Capacity 10 | 8 8 8 10 10 10 Average Capacity 9 | 7 8 8 9 10 10 Most Carried 10 | 4 6 8 9 10 10 Average Carried 8 | 2 5 6 8 9 8 Final Capacity 10 | 8 8 8 10 10 10 Final Carried 10 | 4 6 7 9 10 4 Class Distribution -------------------- 75% | Mutant 24% | Scavenger-Mutant Dominant Class ---------------- Mutant | -10/Materials Mutant | -10/Mines Mutant | -10/Exiles Mutant | -9/Mines Scavenger-Mutant | -8/Materials Resources | -11 -10 -10 -10 -9 -8 ----------- Run | Yrd Mat Min Exi Min Mat Matter Collected 802 | 233 30 52 . 10 477 Remotely . | . . . . . . Salvage Created 1068 | . . 84 . . 984 Parts 49 | . . 4 . . 45 Haulers Intercepted . | . . . . . . Recyclers Shooed 2 | . . . . . 2 Parts Field Recycled . | . . . . . . Retrieved Matter . | . . . . . . Parts Self-Destructed . | . . . . . . Prevented . | . . . . . . Kills | -11 -10 -10 -10 -9 -8 ------- Run | Yrd Mat Min Exi Min Mat Combat Hostiles Destroyed 21 | . . . . . 21 Guns 18 | . . . . . 18 Cannons 3 | . . . . . 3 Classes Destroyed 7 | . . 1 . . 6 Builder 1 | . . . . . 1 Recycler 1 | . . 1 . . . Watcher 1 | . . . . . 1 Swarmer 2 | . . . . . 2 Grunt 16 | . . . . . 16 Duelist 1 | . . . . . 1 Sentry 2 | . . . . . 2 Best Kill Streak 4 | . . 1 . . 4 Combat Bots Only 4 | . . . . . 4 Max Kills in Single Turn 1 | . . 1 . . 1 Gunslinging . | . . . . . . Exploded . | . . . . . . Melee . | . . . . . . Uniques/NPCs Destroyed . | . . . . . . Combat | -11 -10 -10 -10 -9 -8 -------- Run | Yrd Mat Min Exi Min Mat Hostile Shots Fired 198 | . . 2 . . 196 Missed 46 | . . 2 . . 44 Damage Taken 2809 | . 16 182 . . 2611 Core 625 | . . 67 . . 558 Absorbed by Shields . | . . . . . . Redirected to Shielding 236 | . . . . . 236 Core Remaining (%) 86 | 100 . . . 73 . Volleys Fired 114 | . 1 4 . . 109 Largest 2 | . 2 2 . . 2 Hottest 132 | . 60 60 . . 132 Shots Fired 199 | . 2 8 . . 189 Gun 189 | . 2 8 . . 179 Cannon 10 | . . . . . 10 Launcher . | . . . . . . Special . | . . . . . . Kinetic 41 | . 1 4 . . 36 Thermal 158 | . 1 4 . . 153 Explosive . | . . . . . . Electromagnetic . | . . . . . . Robot Hit Streak 17 | . 1 3 . . 17 Robot Miss Streak 5 | . 1 1 . . 5 Penetration Max . | . . . . . . Secondary Targets 2 | . . . . . 2 Max Gunslinging Chain 1 | . . . . . 1 Shots Hit Robots 135 | . 1 6 . . 128 Core Hits 51 | . 1 1 . . 49 Critical Kills . | . . . . . . Critical Parts Destroyed . | . . . . . . Critical Strikes 3 | . . . . . 3 Burn 3 | . . . . . 3 Melee Attacks . | . . . . . . Impact . | . . . . . . Slashing . | . . . . . . Piercing . | . . . . . . Sneak Attacks . | . . . . . . Combat Hostiles . | . . . . . . Follow-up Attacks . | . . . . . . Damage Inflicted 2356 | . 14 79 . 11 2252 Guns 1977 | . 14 71 . . 1892 Cannons 351 | . . . . . 351 Explosions . | . . . . . . Melee . | . . . . . . Ramming 28 | . . 8 . 11 9 Kinetic 401 | . 14 51 . . 336 Thermal 1927 | . . 20 . . 1907 Explosive . | . . . . . . Electromagnetic . | . . . . . . Impact . | . . . . . . Slashing . | . . . . . . Piercing . | . . . . . . Highest Corruption . | . . . . . . Average Corruption . | . . . . . . Corruption Purged . | . . . . . . Corruption Blocked . | . . . . . . Overload Shots . | . . . . . . Overflow Damage . | . . . . . . Projectiles . | . . . . . . Explosions . | . . . . . . Melee . | . . . . . . Knockbacks 1 | . . . . 1 . Impact 1 | . . . . 1 . Kinetic . | . . . . . . Secondary . | . . . . . . Self-Inflicted Damage . | . . . . . . Shots . | . . . . . . Rammed . | . . . . . . Targets Rammed 10 | . . 1 . 6 3 Kicked 10 | . . 1 . 6 3 Crushed . | . . . . . . Highest Temperature 530 | . . . . . 530 Average Temperature 158 | . . . . . 158 Received Heat Transfer 1260 | . . . . . 1260 Effects 18 | . . . . . 18 Shutdowns 3 | . . . . . 3 Energy Bleed 5 | . . . . . 5 Interference 3 | . . . . . 3 Matter Decay 1 | . . . . . 1 Damage (minor) 1 | . . . . . 1 Damage (major) 4 | . . . . . 4 Damage (core) 1 | . . . . . 1 Siege Activations . | . . . . . . Robots Corrupted . | . . . . . . Combat Hostiles . | . . . . . . Parts Fried . | . . . . . . Impact Corruptions . | . . . . . . Robots Melted . | . . . . . . Combat Hostiles . | . . . . . . Parts Melted 8 | . . . . . 8 Heat Transferred 4587 | . . 50 . . 4537 Parts Sabotaged . | . . . . . . Parts Stolen . | . . . . . . Parts Stripped . | . . . . . . Power Chain Reactions . | . . . . . . Alert | -11 -10 -10 -10 -9 -8 ------- Run | Yrd Mat Min Exi Min Mat Peak Influence 404 | . . 5 . . 404 Initial . | . . . . . . Average 83 | . . 1 . . 192 Maximum Alert Level 2 | . . . . . 2 Low Security (%) 80 | 100 100 100 . 100 54 Level 1 19 | . . . . . 44 Level 2 . | . . . . . 1 Level 3 . | . . . . . . Level 4 . | . . . . . . Level 5 . | . . . . . . High Security . | . . . . . . Max Security . | . . . . . . Squads Dispatched 5 | . 2 . . . 3 Investigation 1 | . 1 . . . . Extermination . | . . . . . . Reinforcement 4 | . 1 . . . 3 Assault . | . . . . . . Garrison . | . . . . . . Intercept . | . . . . . . Searches Triggered . | . . . . . . Construction Impeded 1 | . . . . . 1 Haulers Reinforced . | . . . . . . Active Scanning Responses . | . . . . . . Cargo Convoy Interrupts . | . . . . . . Stealth | -11 -10 -10 -10 -9 -8 --------- Run | Yrd Mat Min Exi Min Mat Distress Signals 4 | . 1 . . . 3 Communications Jammed . | . . . . . . Distress Signals . | . . . . . . Times Spotted 51 | . 1 8 . . 42 Peak Tracking Total 6 | . 1 3 . . 6 Tactical Retreats 4 | . . . . . 4 Traps | -11 -10 -10 -10 -9 -8 ------- Run | Yrd Mat Min Exi Min Mat Traps Triggered 2 | . 1 . . . 1 Indirectly . | . . . . . . Trap Hack Attempts . | . . . . . . Triggered . | . . . . . . Disarmed . | . . . . . . Reprogrammed . | . . . . . . Reused . | . . . . . . Traps Extracted . | . . . . . . Installed . | . . . . . . Triggered . | . . . . . . Machines | -11 -10 -10 -10 -9 -8 ---------- Run | Yrd Mat Min Exi Min Mat Machines Disabled . | . . . . . . Max in Single Turn . | . . . . . . Machines Repaired . | . . . . . . Machines Dismantled . | . . . . . . Machines Sabotaged . | . . . . . . Overloaded Fab Kills . | . . . . . . Hacking | -11 -10 -10 -10 -9 -8 --------- Run | Yrd Mat Min Exi Min Mat Machines Accessed 5 | . . . 5 . . Terminals . | . . . . . . Fabricators . | . . . . . . Repair Stations . | . . . . . . Recycling Units . | . . . . . . Scanalyzers . | . . . . . . Garrison Access . | . . . . . . Total Hacks 50 | . . . 50 . . Successful 50 | . . . 50 . . Failed . | . . . . . . Catastrophic . | . . . . . . Database Lockouts . | . . . . . . Manual 7 | . . . 7 . . Terminals . | . . . . . . Fabricators . | . . . . . . Repair Stations . | . . . . . . Recycling Units . | . . . . . . Scanalyzers . | . . . . . . Garrison Access . | . . . . . . Terminal Hacks 50 | . . . 50 . . Record 49 | . . . 49 . . Derelict Proto ID Bank 1 | . . . 1 . . Fabricator Hacks . | . . . . . . Repair Station Hacks . | . . . . . . Recycling Unit Hacks . | . . . . . . Scanalyzer . | . . . . . . Garrison Access Hacks . | . . . . . . Unauthorized Hacks . | . . . . . . Terminals . | . . . . . . Fabricators . | . . . . . . Repair Stations . | . . . . . . Recycling Units . | . . . . . . Scanalyzers . | . . . . . . Garrison Access . | . . . . . . Data Cores Recovered 1 | . 1 . . . . Used . | . . . . . . Hacking Detections . | . . . . . . Full Trace Events . | . . . . . . Feedback Events . | . . . . . . Feedback Blocked . | . . . . . . Robot Schematics Acquired . | . . . . . . Robots Built . | . . . . . . Authchips . | . . . . . . Time . | . . . . . . Total Robot Build Rating . | . . . . . . Part Schematics Acquired . | . . . . . . Parts Built . | . . . . . . Authchips . | . . . . . . Time . | . . . . . . Total Part Build Rating . | . . . . . . Parts Repaired . | . . . . . . Time . | . . . . . . Parts Recycled . | . . . . . . Recycled Matter . | . . . . . . Retrieved Matter . | . . . . . . Retrieved Components . | . . . . . . Parts Scanalyzed . | . . . . . . Part Schematics Acquired . | . . . . . . Parts Damaged . | . . . . . . Bothacking | -11 -10 -10 -10 -9 -8 ------------ Run | Yrd Mat Min Exi Min Mat Used RIF Installer . | . . . . . . Robots Hacked . | . . . . . . Non-combat . | . . . . . . Combat . | . . . . . . Robot Hacks Applied . | . . . . . . Relay Couplers Released . | . . . . . . Fabnet Peak Effective % . | . . . . . . Robots Rewired . | . . . . . . Allies Hacked . | . . . . . . Hacks Repelled . | . . . . . . Allies | -11 -10 -10 -10 -9 -8 -------- Run | Yrd Mat Min Exi Min Mat Total Allies . | . . . . . . Largest Group . | . . . . . . Highest-Rated Group . | . . . . . . Highest-Rated Ally . | . . . . . . Total Orders . | . . . . . . Ally Attacks . | . . . . . . Total Damage . | . . . . . . Kills . | . . . . . . Allies Corrupted . | . . . . . . Allies Melted . | . . . . . . Intel | -11 -10 -10 -10 -9 -8 ------- Run | Yrd Mat Min Exi Min Mat Robot Analysis Total . | . . . . . . Derelict Logs Recovered 4 | . . 1 . 3 . Drone Launches . | . . . . . . Drone Recoveries . | . . . . . . Exploration | -11 -10 -10 -10 -9 -8 ------------- Run | Yrd Mat Min Exi Min Mat Turns Passed 2906 | 63 119 173 1081 679 791 Spaces Moved 2010 | 47 93 120 897 556 297 Core 12 | 12 . . . . . Treads . | . . . . . . Legs 1998 | 35 93 120 897 556 297 Wheels . | . . . . . . Hover . | . . . . . . Flight . | . . . . . . Fastest Speed 50 | 50 120 120 120 120 120 Average Speed 119 | 102 120 120 120 120 122 Slowest Speed 190 | 120 120 120 120 120 190 Overloaded Moves . | . . . . . . Propulsion Burnouts . | . . . . . . Robots Hopped . | . . . . . . Cave-ins Triggered . | . . . . . . Exploration Rate (%) 43 | 3 31 36 94 71 28 Regions Visited 5 Branch Regions 3 Pre-discovered Areas 2 | . . . 1 1 . Known Exits Taken 1 | . . . . 1 . Unknown Exits Taken 4 | 1 1 1 1 . . Scrap Searched 1 | . . . . 1 . Spaces Dug . | . . . . . . Terrain Destroyed . | . . . . . . Melee . | . . . . . . Projectile . | . . . . . . AOE . | . . . . . . Terrain Rammed . | . . . . . . Walls Destroyed . | . . . . . . Machines Disabled . | . . . . . . Actions | -11 -10 -10 -10 -9 -8 --------- Run | Yrd Mat Min Exi Min Mat Total 2306 | 62 99 141 901 566 537 Wait 55 | . . 6 . 4 45 Move 2005 | 46 92 119 896 555 297 Hop . | . . . . . . Pick Up 45 | 10 4 5 3 1 22 Fast Attach 5 | . . . . . 5 Attach 25 | 6 . 2 . . 17 Detach 2 | . . . . . 2 Swap 23 | . . 2 1 . 20 Drop 22 | . 2 2 1 . 17 Fire 114 | . 1 4 . . 109 Melee . | . . . . . . Ram . | . . . . . . Kick 10 | . . 1 . 6 3 Crush . | . . . . . . Escape Stasis . | . . . . . . Rewire . | . . . . . . Trap . | . . . . . . Miscellaneous . | . . . . . . Route ------- -11/Scrapyard -10/Materials -10/Mines (discovered 2 exits: [*Mat] / *Exi) -10/Exiles (discovered 2 exits: [*Min x2]) -9/Mines (discovered 2 exits: *Mat x2) -8/Materials (discovered 1 exit: Fac) History --------- Turn | Location | Event 8 | -11/Scrapyard | Discovered new exit (range 15) 64 | -11/Scrapyard | Entered Materials 129 | -10/Materials | Met 8R-AWN 154 | -10/Materials | Discovered new exit (range 7) 183 | -10/Materials | Entered Mines 184 | -10/Mines | Followed 8R-AWN into the Mines 213 | -10/Mines | Assembled infested the area 224 | -10/Mines | Learned 2 Materials zone layouts 300 | -10/Mines | Discovered new exit (range 13) 330 | -10/Mines | Build established: Mutant 352 | -10/Mines | Discovered new exit (range 5) 356 | -10/Mines | Entered Exiles 388 | -10/Exiles | Welcomed by 8R-AWN 412 | -10/Exiles | Met EX-HEX 482 | -10/Exiles | Met EX-DEC 519 | -10/Exiles | Visited The Gauntlet 698 | -10/Exiles | Learned location of Zion (-6) 759 | -10/Exiles | Discovered new exit (range 14) 856 | -10/Exiles | Met EX-BIN 875 | -10/Exiles | Aligned with FarCom system 876 | -10/Exiles | Given EX-Vault access code 969 | -10/Exiles | Opened EX-Vault 999 | -10/Exiles | Found Gui. Plasma Cannon 1042 | -10/Exiles | Warned to stay clear of 0b10 Research branches 1110 | -10/Exiles | Learned about 8R-AWN's background 1139 | -10/Exiles | Discovered new exit (range 14) 1437 | -10/Exiles | Left Exiles lab with Gui. Plasma Cannon 1437 | -10/Exiles | Entered Mines 1518 | -9/Mines | Discovered new exit (range 10) 1521 | -9/Mines | Identified exit to Materials 1550 | -9/Mines | Learned Materials emergency access door positions 2116 | -9/Mines | Entered Materials 2116 | -8/Materials | Evolved 4 slots: Propulsion x2, Utility x2 2117 | -8/Materials | Identified exit to Factory 2423 | -8/Materials | Build established: Scavenger-Mutant 2766 | -8/Materials | Core integrity fell below 50% 2851 | -8/Materials | Core integrity fell below 20% 2907 | -8/Materials | Destroyed by G-47 Trooper with Particle Gun Last Messages --------------- 02891_ Imp. Light Armor Plating destroyed. 02891_ Critical hit (Burn: +37). 02897_ G-47 Trooper heat damages Imp. Heat Sink. 02898_ K-01 Serf collects debris. 02900_ G-47 Trooper suffers critical hit (Burn). 02901_ Power failure, Lgt. Deuterium Engine shutdown. 02901_ Overheating: System interference. 02901_ Hvy. Laser temporarily disabled. 02902_ K-01 Serf collects debris. 02903_ Aluminum Leg destroyed. 02904_ Acquired Aluminum Leg. 02904_ Lgt. Deuterium Engine destroyed. 02905_ G-47 Trooper heat damages Aluminum Leg, Particle Gun. 02905_ K-01 Serf collects debris. 02905_ Aluminum Leg destroyed. 02905_ Critical hit (Burn: +37). 02906_ G-47 Trooper heat short circuits Lgt. Nuclear Core. Map ----- +----------------------------------------------------+ | ??????????????????## ### #??????????????????????? | | ???????????????????# #?? #??????????????????????? | | ???????????????????#*#???#??????????????????????? | | ???????????????????# #??????????????????????????? | | #?????????????????###=###????????????????????????? | | #?????????????????# #????????????????????????? | | ################### #????+???????????????????? | | * % % T #????????????????????????? | | ############# #????????????????????????? | | ### #????? ## * #????????????????????????? | | #?# #?? ####+### ???+???????????????????? | | #?# #??""" !! # # ???????????????????????? | | #?# #??""" = # = # #??????????????????????? | | #?# #???"" # # #??????????????????????? | | #?# #??? # [*! # #??????????????????????? | | +### #??? ?# [ ! # #??????????????????????? | | ## ##?? ???# [*! # #??????????????????????? | | # ####+############# #??????????????????????? | | " + #??????????????????????? | | " # ### k#??????????????????????? | | " # ####### #?# ########### ??????????? | | ## ##?????# #?# ?????????? | | #### #??????#%#?# !%! + #??? | | ???# ########+#?# ! % u ^ T ########## | | ???# # %[ #?# % k ## | | ???# # [ #?# =gg @ u ## | | ???# # *%! #?# g %[ # | | ???# # = #####+######### !! # | | ???+ + ! # % #? !! + | | ???# # # """"" """"" #??? != # | | ???# # # """"" """"" ???? # | | ?? # # """"" """""????? # | | ??? # !# ????? # | | ???# ########## [ ! ????? ######+## | | ???# ?????????###+######+##/????#### ## | | ????????????????????????? ??????#??# ## """ T | | ??????????????????????????? ?????#??# < ## """ | | ???????????????????????????? ????#??# ## """ | | ?????????????????????????????????########## | | ????????????????????????????????? #####+### | | ?????????????????????????????????####### #?# # | | ????????????????????????????????? #???# ### | | ????????????????????????????????? #???# | | ???????????????????????????+????? #???##### | | ????????????????????????????????? #???????# # | | ????????????????????????????????? #???????####### | | ?????????????????????????????????###?????????????? | | | | | | | +----------------------------------------------------+ Best States ------------- Heat Dissipation 55 Energy Generation 14 Energy Capacity 400 Matter Stores 300 Matter Capacity 300 Sight Range 16 Terrain Scan Density 10 Armor Coverage 300 Propulsion Shielding 66 Evasion (%) 55 Item Schematics ----------------- None Robot Schematics ------------------ None Fabricated ------------ Nothing Alien Tech Used ----------------- None Achievements -------------- None Challenges ------------ None Game ------ Seed ChromaticCatalystTendrils Manual? 0 Play Time 00:49:45 Cumulative 15.0 hours Start 2024.03.10 @ 03:02:57 End 2024.03.10 @ 04:04:11 Sessions 1 Manual Loads 0 Difficulty Rogue Special Mode None Game No. 12 Rogue 12 Adventurer 0 Explorer 0 Win Type - Total 0 Types 0/0/0/0/0/0/0/0/0 Lore% 17 Gallery% 20 Achievement% 16 Wizard Run 0 Options --------- Layout 1 ASCII 1 Keyboard 0 Movement Mouse Keybinds 0 Fullscreen 2 Font 24/Smallcaps Map View 50x35 Zoom Use 0% Tactical HUD 1 Map Filters NONE Filters NONE Steam 1 RUN: 878fedab-c560-4c25-bfb9-489519b13312